 Dungeon Crawl Stone Soup version 0.29.0-11-gd7f09526c8 (webtiles) character file.

Game seed: 7014365808104561439

818 soylentgreeen202 the Gusty (level 7, -1/55 HPs)
             Began as a Demigod Air Elementalist on Sept 3, 2022.
             Slain by Edmund
             ... wielding a +5 dire flail of holy wrath
              (9 damage)
             ... on level 4 of the Dungeon.
             The game lasted 00:53:49 (7730 turns).

soylentgreeen202 the Gusty (DgAE)                   Turns: 7730, Time: 00:53:50

Health: -1/55      AC: 12    Str:  9    XL:     7   Next: 36%
Magic:  16/23      EV: 14    Int: 21    God:
Gold:   24         SH:  0    Dex: 18    Spells: 2/12 levels left

rFire   . . .      SeeInvis .   m - +1 dagger (protect)
rCold   + . .      Faith    .   (no shield)
rNeg    . . .      Spirit   .   a - +2 robe
rPois   .          Reflect  .   H - +2 helmet
rElec   .          Harm     .   z - +1 cloak {Stlth+}
rCorr   .          Rampage  .   v - +2 pair of gloves
Will    .....                   (no boots)
Stlth   +++.......              (no amulet)
HPRegen 0.18/turn               J - ring of magical power
MPRegen 0.18/turn               l - ring of protection from cold

@: no status effects
A: high MP 1, forlorn, divine attributes
a: no special abilities


You were on level 4 of the Dungeon.
You visited 1 branch of the dungeon, and saw 5 of its levels.

You collected 341 gold pieces.
You spent 317 gold pieces at shops.

Inventory:

Hand Weapons
 c - a +0 dagger
 e - a +1 quarterstaff
 m - a +1 dagger of protection (weapon)
 s - a +0 vorpal mace
 t - a +0 short sword
 w - a +0 falchion
 y - a +3 quarterstaff of chaos
 D - a +0 long sword
Missiles
 d - 34 stones
 E - 15 poisoned darts (quivered)
Armour
 a - a +2 robe (worn)
 g - a +0 scale mail
 n - a +0 leather armour
 v - a +2 pair of gloves (worn)
 z - a +1 cloak of stealth (worn)
 H - a +2 helmet (worn)
Magical Staves
 o - a staff of death
Jewellery
 l - a ring of protection from cold (right hand)
 J - a ring of magical power (left hand)
Wands
 G - a wand of mindburst (22)
 I - a wand of flame (26)
Scrolls
 f - a scroll of brand weapon
 h - 4 scrolls of identify
 q - a scroll of teleportation {unknown}
 r - a scroll of summoning {unknown}
 u - a scroll of butterflies {unknown}
Potions
 b - 2 potions of magic
 i - a potion of might
 j - 2 potions of resistance
 k - a potion of brilliance {unknown}
 p - 3 potions of curing
 x - 2 potions of haste {unknown}
 A - a potion of heal wounds {unknown}
 C - a potion of invisibility {unknown}
 F - 2 potions of degeneration {unknown}


   Skills:
 - Level 2.0 Fighting
 + Level 2.8 Short Blades
 - Level 4.2 Dodging
 - Level 3.0 Stealth
 - Level 3.0 Spellcasting
 - Level 1.0 Conjurations
 - Level 5.0 Air Magic


You had 2 spell levels left.
You knew the following spells:

 Your Spells              Type           Power      Damage    Failure   Level
a - Shock                 Conj/Air       60%        1d6       3%          1
b - Static Discharge      Conj/Air       15%        3-5/arc   6%          2
c - Swiftness             Air            24%        N/A       4%          3
d - Airstrike             Air            12%        2d(2-18)  17%         4

Your spell library contained the following spells:

 Spells                   Type           Power      Damage    Failure   Level
 Blink                    Tloc           6%         N/A       21%         2
 Lesser Beckoning         Tloc           3%         N/A       36%         3
 Manifold Assault         Tloc           3%         N/A       98%         5
 Malign Gateway           Summ/Tloc      1%         N/A       100%        7
 Summon Horrible Things   Summ           1%         N/A       100%        8


Dungeon Overview and Level Annotations

Branches:
Dungeon (5/15)
 Temple: D:4-7

Shops:
D:3 ?

Annotations:
D:1 exclusion: downstairs
D:2 exclusion: downstairs
D:3 exclusion: downstairs
D:4 exclusion: downstairs, Edmund, Grinder


Innate Abilities, Weirdness & Mutations

You have an increased reservoir of magic. (+10% MP)
You shall have no god before yourself.
Your divine heritage dramatically boosts your attributes as you level up.


Message History

Aiming: Shock (safe; 3% risk of failure)
Press: ? - help, Shift-Dir - straight line The zap hits Edmund but does no damage.
Edmund is moderately wounded.
The zap hits Edmund.
Edmund is moderately wounded.
Edmund hits you with a +5 dire flail of holy wrath.
Casting: Shock (safe; 3% risk of failure)
Confirm with . or Enter, or press ? or * to list all spells.
Aiming: Shock (safe; 3% risk of failure)
Press: ? - help, Shift-Dir - straight line You miscast Shock.
Nothing appears to happen.
Edmund hits you with a +5 dire flail of holy wrath.
Unknown command.
Casting: Shock (safe; 3% risk of failure)
Confirm with . or Enter, or press ? or * to list all spells.
Aiming: Shock (safe; 3% risk of failure)
Press: ? - help, Shift-Dir - straight line The zap hits Edmund.
Edmund is moderately wounded.
The zap hits Edmund.
Edmund is heavily wounded.
Edmund hits you with a +5 dire flail of holy wrath!
* * * LOW HITPOINT WARNING * * *
Edmund attacks as you move away!
Edmund hits you with a +5 dire flail of holy wrath!
* * * LOW HITPOINT WARNING * * *
Edmund attacks as you move away! Edmund closely misses you.
Your magical contamination has completely faded away.
Edmund attacks as you move away! Edmund barely misses you.
You see here a +0 dagger.
You see here a +0 dagger.
Things that are here:
a +0 club; a +0 club You see here a +0 dagger.
Edmund attacks as you move away! Edmund misses you.
There is a stone staircase leading down here.
Edmund attacks as you move away!
Edmund hits you with a +5 dire flail of holy wrath!
You die...

. ###'#####.##### .
#.#..# #..# .##
#####....# #.## ..##
#<....#### #.#
...####.##### ##.#
#...##..# #..#
....##.## ######..#
#...#..# #.>...[.#
#.#...######.###@..#
#.##..##.....#.@.#.#
#.##.##..#####)###.#
#.......## #..##..#
#..##..## #.###.##
##.##..# #)##..#
##.##..#### #.##.##
#..#......# #.#..#
..........###)#.##


You could see Edmund.

Vanquished Creatures
  2 ice beasts (D:5)
  An ogre (D:5)
  A scorpion (D:5)
  5 hounds
  An orc priest (D:3)
  Crazy Yiuf (D:3)
  An iguana (D:5)
  2 orc wizards (D:3)
  Robin (D:4)
  7 adders
  4 gnolls (D:5)
  3 worms
  10 orcs
  3 ball pythons (D:4)
  4 bats
  4 endoplasms
  3 giant cockroaches
  14 hobgoblins
  4 jackals
  7 kobolds
  2 frilled lizards (D:1)
  12 goblins
  9 rats
101 creatures vanquished.

Notes
Turn   | Place    | Note
-------+----------+-------------------------------------------
     0 | D:1      | soylentgreeen202 the Demigod Air Elementalist began the
                  | quest for the Orb.
     0 | D:1      | Reached XP level 1. HP: 14/14 MP: 5/5
    41 | D:1      | Reached skill level 1 in Conjurations
   703 | D:1      | Reached XP level 2. HP: 20/20 MP: 2/7
   710 | D:1      | Reached skill level 3 in Air Magic
  1589 | D:2      | Reached XP level 3. HP: 23/26 MP: 5/8
  1855 | D:1      | Learned a level 2 spell: Static Discharge
  1859 | D:1      | Learned a level 3 spell: Swiftness
  2530 | D:3      | Found Epyhutro's Magic Scroll Boutique.
  2551 | D:3      | Bought a scroll of enchant weapon for 97 gold pieces
  2836 | D:3      | Reached skill level 4 in Air Magic
  3727 | D:3      | Reached XP level 4. HP: 33/33 MP: 3/10
  4394 | D:3      | Found a runed translucent door.
  4395 | D:3      | Noticed Crazy Yiuf
  4402 | D:3      | Killed Crazy Yiuf
  4479 | D:3      | Reached skill level 1 in Fighting
  4479 | D:3      | Reached XP level 5. HP: 40/40 MP: 8/12
  4975 | D:4      | Noticed Edmund
  5081 | D:4      | enchant
  5130 | D:3      | Bought a scroll of enchant armour for 97 gold pieces
  5243 | D:4      | Noticed Grinder
  5301 | D:4      | Noticed a spectral ugly thing
  5322 | D:4      | Noticed Robin
  5403 | D:4      | Killed Robin
  5970 | D:5      | Entered Level 5 of the Dungeon
  5998 | D:5      | Noticed an ice beast
  6143 | D:5      | Noticed an ogre
  6158 | D:5      | Killed an ogre
  6159 | D:5      | Reached skill level 5 in Air Magic
  6159 | D:5      | Reached XP level 6. HP: 45/48 MP: 4/13
  6928 | D:5      | Reached XP level 7. HP: 43/55 MP: 8/14
  6999 | D:5      | Learned a level 4 spell: Airstrike
  7121 | D:5      | Reached skill level 1 in Short Blades
  7520 | D:5      | enchant
  7602 | D:3      | Bought a scroll of brand weapon for 123 gold pieces
  7730 | D:4      | Slain by Edmund

Illustrated notes ###### ....# ....# ....# ####...# #.'....# #.#....# ...##...# #.8.##.@..# ##.._##.<..# ...###.....# #+## ##.##### .. #..# #####.... #.## #<....# #.# ##.##### #.# #..# #..# Turn 5081 on D:4: enchant

#....# #.##.###
#....# #.##....
#....# #.#..###
#....# #.#..#
#########'###
#.#..# #.........#
#.#..###
###.#####.#
#)#..##. #^# #.#
#.#..##. #.# #@#
#.#..##. #.#
#.#########.#..##.
#.#
#.##..............
#.#
#>.............##.
#.#
###.....###.#..##.
#.# #.....#
#.#..##. #.#
#.....# #.#....#
#.# #.....#
#.#..... #.#
#.....###.#.....


Turn 7520 on D:5: enchant

Levels and vault maps discovered:
D:1:      psy_arrival_whirlpool, layout_basic, nicolae_ecumenical_lake_church,
          corexii_leaking_fountain
D:2:      layout_loops_ring
D:3:      layout_basic, nicolae_overflow_squiral, serial_shops, shop,
          grunt_ministairs_3, uniq_crazy_yiuf_cottage
D:4:      layout_rooms, regret_index_temple_of_mockery, uniq_edmund,
          uniq_grinder, uniq_robin
D:5:      layout_basic, minmay_misc_feat_nine_boxes

Skill      XL: |  1  2  3  4  5  6  7 |
---------------+----------------------+-----
Conjurations   | 1 |  1.0
Stealth        | 2 3 |  3.0
Dodging        | 2 3 4 |  4.2
Spellcasting   | 2 3 |  3.0
Air Magic      | 3 4 5 |  5.0
Fighting       | 1 2 |  2.0
Short Blades   | 2 |  2.8

Action                   |  1- 3 |  4- 6 |  7- 9 || total
-------------------------+-------+-------+-------++-------
Melee: Quarterstaff      |    22 |     2 |       ||    24
       Dagger            |     3 |       |     1 ||     4
 Cast: Shock             |    94 |   145 |    24 ||   263
       Static Discharge  |     2 |    10 |       ||    12
  Use: Scroll            |     9 |     2 |     2 ||    13
 Stab: Sleeping          |     1 |     1 |     1 ||     3
Armor: Robe              |    15 |    20 |     2 ||    37
Dodge: Dodged            |    41 |    23 |     9 ||    73
